 Dungeon Crawl Stone Soup version 0.30-a0-757-ga6a79fd877 (webtiles) character file.

Game seed: 17740179303089276656

3917 sircluck the Cleaver (level 10, 0/91 HPs)
             Began as a Hill Orc Fighter on Feb 9, 2023.
             Was a Follower of Beogh.
             Slain by a manticore (7 damage)
             ... on level 10 of the Dungeon.
             The game lasted 00:15:29 (6417 turns).

sircluck the Cleaver (Hill Orc Fighter)             Turns: 6417, Time: 00:15:30

Health: 0/91       AC: 15    Str: 24    XL:     10   Next: 20%
Magic:  0/10       EV:  7    Int:  8    God:    Beogh [*.....]
Gold:   406        SH:  0    Dex: 10    Spells: 9/9 levels left

rFire   . . .      SeeInvis .    S - +2 battleaxe
rCold   + . .      Faith    .    (shield currently unavailable)
rNeg    . . .      Spirit   +    l - +2 plate armour {rPois}
rPois   +          Reflect  .    (no helmet)
rElec   .          Harm     .    (no cloak)
rCorr   .          Rampage  .    (no gloves)
Will    .....                    (no boots) Stlth
                                 j - amulet of guardian spirit
HPRegen 0.35/turn                p - ring of protection from cold
MPRegen 0.12/turn                (no ring)

@: spiked
A: no striking features
a: Renounce Religion


You were on level 10 of the Dungeon.
You worshipped Beogh.
Beogh was aware of your devotion.
You visited 1 branch of the dungeon, and saw 8 of its levels.
You also visited: Ossuary.

You collected 465 gold pieces.
You spent 59 gold pieces at shops.

Inventory:

Hand Weapons
 a - a +0 war axe
 t - a +0 dagger
 u - a +0 hand axe
 v - a +0 short sword
 w - a +0 short sword
 S - a +2 battleaxe (weapon)
 T - a +2 long sword of freezing
 U - a +0 spear
Missiles
 f - 90 stones (quivered)
 k - 11 poisoned darts
 q - 5 large rocks
Armour
 b - a +0 scale mail
 c - a +0 buckler
 l - a +2 plate armour of poison resistance (worn)
 x - a +0 chain mail
 y - a +0 leather armour
 z - a +0 ring mail
 A - the +2 robe of the Frog {rC+}
   (You found it on level 3 of the Dungeon)

   rC:        It protects you from cold.
 R - a +0 chain mail
 X - +0 steam dragon scales
Jewellery
 j - an amulet of guardian spirit (around neck)
 p - a ring of protection from cold (left hand)
 L - a +6 ring of strength
Wands
 B - a wand of flame (24)
 O - a wand of paralysis (5)
 Q - a wand of iceblast (6)
 W - a wand of polymorph (5)
Scrolls
 i - 5 scrolls of identify
 r - a scroll of magic mapping
 C - 3 scrolls of blinking {unknown}
 D - 3 scrolls of enchant weapon {unknown}
 F - 3 scrolls of teleportation {unknown}
 H - 3 scrolls of vulnerability {unknown}
 I - 5 scrolls of fog {unknown}
 J - 3 scrolls of poison {unknown}
 K - a scroll of silence {unknown}
 N - a scroll of brand weapon {unknown}
 P - a scroll of immolation {unknown}
Potions
 d - 6 potions of might
 e - 3 potions of mutation
 g - 3 potions of attraction
 m - 5 potions of curing
 n - 2 potions of berserk rage
 s - 2 potions of brilliance
 E - a potion of haste {unknown}
 G - a potion of ambrosia {unknown}
 M - a potion of cancellation {unknown}
 V - a potion of lignification {unknown}


   Skills:
 + Level 9.1 Fighting
 + Level 13.0 Axes
 + Level 8.5 Armour
 + Level 0.8 Dodging
 + Level 0.4 Stealth
 + Level 4.4 Shields


You had 9 spell levels left.
You didn't know any spells.
Your spell library contained the following spells:

 Spells                   Type           Power      Damage    Failure   Level
 Beastly Appendage        Tmut           0%         N/A       99%         1
 Kiss of Death            Conj/Necr      0%         2d5       99%         1
 Shock                    Conj/Air       0%         1d3       99%         1
 Blink                    Tloc           0%         N/A       100%        2
 Cigotuvi's Dreadful Rot  Necr/Pois/Air  0%         N/A       100%        2
 Ensorcelled Hibernation  Hex/Ice        0%         N/A       100%        2
 Lesser Beckoning         Tloc           0%         N/A       100%        2
 Momentum Strike          Conj/Tloc      0%         3d8       100%        2
 Passwall                 Tmut/Erth      0%         N/A       100%        2
 Poisonous Vapours        Pois/Air       0%         N/A       100%        2
 Sublimation of Blood     Necr           0%         N/A       100%        2
 Wereblood                Tmut           0%         N/A       100%        2
 Confusing Touch          Hex            0%         N/A       100%        3
 Mephitic Cloud           Conj/Pois/Air  0%         N/A       100%        3
 Spider Form              Tmut/Pois      0%         N/A       100%        3
 Swiftness                Air            0%         N/A       100%        3
 Airstrike                Air            0%         2d(0-16)  100%        4
 Dispel Undead            Necr           0%         3d6       100%        4
 Summon Hydra             Summ           0%         N/A       100%        7


Dungeon Overview and Level Annotations

Branches:
Dungeon (7/15)            Ossuary (visited)
 Temple: D:4-7

Altars:
Trog

Shops:
D:1 (   D:2 *


Message History

The boulder beetle curls into a ball and begins rolling!
Cornered, the manticore turns to fight!
You see here 9 stones.
f - 90 stones (gained 9)
The manticore flicks its tail.
The volley of spikes misses you. The boulder beetle hits you!!
The boulder beetle stops rolling and uncurls.
The manticore flicks its tail.
The volley of spikes hits you but does no damage.
The boulder beetle leaps!
The manticore flicks its tail.
The volley of spikes hits you!!
The barbed spikes become lodged in your body.
* * * LOW HITPOINT WARNING * * *
You feel much better.
The boulder beetle leaps!
The barbs in your skin will harm you if you move.
Continue?
The barbed spikes dig painfully into your body as you move.
The barbed spikes dig painfully into your body as you move.
* * * LOW HITPOINT WARNING * * *
The manticore bites you!
* * * LOW HITPOINT WARNING * * *
The manticore barely misses you.
The manticore claws you but does no damage.
The barbed spikes dig painfully into your body as you move.
* * * LOW HITPOINT WARNING * * *
The manticore attacks as you move away!
The manticore bites you but does no damage.
The manticore claws you but does no damage. x2
The barbed spikes dig painfully into your body as you move.
* * * LOW HITPOINT WARNING * * *
Aiming: Polymorph
Press: ? - help, Q - select action, (/) - cycle Shift-Dir - straight line, p - manticore
Okay, then.
Aiming: Paralyse
Press: ? - help, Q - select action, (/) - cycle Shift-Dir - straight line, f/p - manticore
Aim: a manticore (chance to affect: 31%)
The manticore easily resists.
The manticore bites you!
You die...

#.........#
###.........#
#...........# ######
#...........# #......
#...........# ##.......
#...........# ##........
###....B....#
##.........
##.....H######..........
#......@..###...........
#......##..##...........
#......###.##.......⌠..⌠
#......# #.>'..H....§≈≈[
#......####.'.......§≈≈?
##......# #.#.......§..⌠
#.......##.#...........
#######..#.#..○........
#...##.........


You could see a boulder beetle and a manticore.

Vanquished Creatures
  The ghost of boo the Insei, a novice DsMo (D:5)
  Grinder (D:5)
  Eustachio (D:4)
  A wyvern (D:7)
  A steam dragon (D:7)
  3 vampire mosquitoes (D:10)
  2 water moccasins
  An ice beast (D:6)
  A sky beast (D:6)
  2 ogres
  2 phantoms
  3 bullfrogs (D:7)
  3 necrophages
  9 scorpions
  4 wights (D:7)
  A howler monkey (D:6)
  A centaur zombie (Ossuary)
  2 jellies
  An orc priest (D:5)
  4 hounds
  3 iguanas
  Natasha (thrice) (D:3)
  3 orc wizards
  4 scorpion zombies (Ossuary)
  3 mummies (Ossuary)
  7 adders
  A worm (D:3)
  2 dart slugs
  20 orcs
  5 bats
  6 endoplasms
  6 goblins
  5 hobgoblins
  6 jackals
  5 kobolds
  4 quokkas
  8 ball pythons
  A gnoll zombie (Ossuary)
  A goblin zombie (Ossuary)
  A hobgoblin zombie (Ossuary)
  2 kobold zombies (Ossuary)
  5 orc zombies (Ossuary)
  9 rats
154 creatures vanquished.

Vanquished Creatures (others)
  An orc wizard (D:4)
  39 plants
40 creatures vanquished.

Grand Total: 194 creatures vanquished

Notes
Turn   | Place    | Note
-------+----------+-------------------------------------------
     0 | D:1      | sircluck the Hill Orc Fighter began the quest for the Orb.
     0 | D:1      | Reached XP level 1. HP: 19/19 MP: 1/1
   163 | D:1      | Reached XP level 2. HP: 18/27 MP: 2/2
   265 | D:1      | Found Wootemaxt's Antique Weapon Shoppe.
   288 | D:1      | Reached skill level 3 in Axes
   503 | D:1      | Reached XP level 3. HP: 33/33 MP: 3/3
   697 | D:1      | Found a faded altar of an unknown god.
  1466 | D:2      | Found Moett's General Store.
  1477 | D:2      | Bought 4 stones for 4 gold pieces
  1477 | D:2      | Bought a potion of heal wounds for 55 gold pieces
  1588 | D:3      | Reached XP level 4. HP: 39/40 MP: 4/4
  1887 | D:3      | Noticed Natasha
  1898 | D:3      | Killed Natasha
  1899 | D:3      | Reached skill level 4 in Axes
  2060 | D:3      | Noticed Natasha
  2067 | D:3      | Killed Natasha
  2068 | D:3      | Reached XP level 5. HP: 42/47 MP: 5/5
  2074 | D:3      | Identified the +2 robe of the Frog {rC+}
  2189 | D:3      | Noticed Natasha
  2204 | D:3      | Killed Natasha
  2263 | D:4      | Reached skill level 5 in Fighting
  2263 | D:4      | Reached skill level 5 in Axes
  2265 | D:4      | Reached XP level 6. HP: 45/56 MP: 6/6
  2363 | D:4      | Found a bloodstained altar of Trog.
  2393 | D:4      | Reached skill level 6 in Axes
  2393 | D:4      | Reached skill level 5 in Armour
  2545 | D:4      | Reached XP level 7. HP: 47/61 MP: 7/7
  2580 | D:4      | Found a sand-covered staircase.
  2585 | Ossuary  | Entered an ossuary
  2651 | Ossuary  | Reached skill level 7 in Axes
  2731 | Ossuary  | Reached skill level 8 in Axes
  2779 | Ossuary  | Reached XP level 8. HP: 58/70 MP: 6/8
  2897 | Ossuary  | Reached skill level 9 in Axes
  3140 | D:4      | Became a worshipper of Beogh the Brigand
  3332 | D:4      | Noticed Eustachio
  3340 | D:4      | Killed Eustachio
  3433 | D:4      | Reached skill level 10 in Axes
  3778 | D:5      | Entered Level 5 of the Dungeon
  4083 | D:5      | Reached XP level 9. HP: 79/79 MP: 9/9
  4087 | D:5      | Reached * piety under Beogh
  4319 | D:5      | Noticed Grinder
  4340 | D:5      | Killed Grinder
  4625 | D:5      | Reached skill level 11 in Axes
  4667 | D:5      | Found a runed translucent door.
  4667 | D:5      | Noticed boo's ghost (novice DsMo)
  4681 | D:5      | Killed boo's ghost
  5153 | D:6      | Reached skill level 12 in Axes
  6028 | D:7      | Reached XP level 10. HP: 84/90 MP: 10/10
  6351 | D:7      | You fall into a shaft and drop 3 floors!
  6351 | D:10     | Entered Level 10 of the Dungeon
  6353 | D:10     | Noticed a boulder beetle
  6353 | D:10     | Noticed a manticore
  6380 | D:10     | Reached skill level 13 in Axes
  6417 | D:10     | Slain by a manticore

Illustrated notes

Levels and vault maps discovered:
D:1:      dpeg_arrival_morbid_curiosity, layout_rooms, serial_shops, shop,
          basic_ecumenical_altar, roderic_roman_lattice,
          chequers_serial_rivers_large_a, minmay_misc_feat_enclosed
D:2:      layout_basic, serial_shops, nicolae_lakefront_shop
D:3:      layout_basic, uniq_natasha
D:4:      layout_gridville, general_overflow_altar, nicolae_ossuary_entry_plus,
          kennysheep_nub, serial_bayou_lagoon_a, guppyfry_early_orc_mine,
          uniq_eustachio
D:5:      layout_basic, gammafunk_ghost_grave, minmay_misc_feat_hallway,
          uniq_grinder
D:6:      layout_loops_ring, kennysheep_boxes
D:7:      layout_loops_ring, palyth_stone_intersect
D:10:     kennysheep_big_flooded_room, layout_basic,
          mainiacjoe_overflow_chevrons

Skill      XL: |  1  2  3  4  5  6  7  8  9 10 |
---------------+-------------------------------+-----
Fighting       | 4 5 7 8 9 |  9.1
Axes           | 3 4 5 6 8 10 12 13 | 13.0
Armour         | 4 5 6 8 |  8.5
Shields        | 4 |  4.4
Dodging        | |  0.8
Stealth        | |  0.4

Action                     |  1- 3 |  4- 6 |  7- 9 | 10-12 || total
---------------------------+-------+-------+-------+-------++-------
  Melee: War axe           |    99 |   131 |   275 |       ||   505
         Battleaxe         |       |       |     4 |    30 ||    34
 Invoke: Convert to Beogh  |       |       |     1 |       ||     1
  Evoke: Wand              |       |       |       |     1 ||     1
    Use: Scroll            |       |       |     5 |     2 ||     7
         Potion            |       |       |       |     6 ||     6
 Armour: Scale mail        |    37 |       |       |       ||    37
         Plate armour      |    29 |   110 |   160 |    58 ||   357
  Dodge: Dodged            |    30 |    40 |    74 |    26 ||   170
  Block: Buckler           |    17 |    19 |    52 |       ||    88

Table legend: (Time is in decaauts)
 A = Elapsed time spent in this place.
 B = Non-inter-level travel time spent in this place.
 C = Inter-level travel time spent in this place.
 D = Time resting spent in this place.
 E = Time spent auto-exploring this place.
 F = Levels seen in this place.
 G = Mean time per level.
                   A        B        C        D        E       F      G
               +--------+--------+--------+--------+--------+-----+--------+
         Total |   6563 |   6003 |    560 |      5 |   4432 |   9 |  729.2 |
       Dungeon |   6183 |   5623 |    560 |      5 |   4429 |   8 |  772.9 |
       Ossuary |    380 |    380 |      0 |      0 |      3 |   1 |  380.0 |
               +--------+--------+--------+--------+--------+-----+--------+

Top non-repeatable levels by time:
     D:4: 1294 daAuts
     D:5: 1074 daAuts
     D:1: 1060 daAuts
     D:3: 761 daAuts
     D:6: 734 daAuts
     D:7: 691 daAuts
     D:2: 501 daAuts
 Ossuary: 380 daAuts
    D:10: 66 daAuts
